 Dungeon Crawl Stone Soup version 0.31-a0-1352-gc98d92de7d (webtiles) character file.

Game seed: 3387633547785671528

770 tilp the Sneak (level 7, -6/52 HPs)
             Began as a Vampire Enchanter on Dec 22, 2023.
             Mangled by a gargoyle
             ... wielding a +0 flail
              (19 damage)
             ... on level 7 of the Dungeon.
             The game lasted 00:07:39 (4895 turns).

tilp the Sneak (Vampire Enchanter)                  Turns: 4895, Time: 00:07:40

Health: -6/52      AC:  6    Str:  7    XL:     7   Next: 53%
Magic:  8/11       EV: 18    Int: 20    God:
Gold:   488        SH:  0    Dex: 14    Spells: 4/12 levels left

rFire   . . .        a - +2 dagger
rCold   . . .        (no shield)
rNeg    . . .        b - +0 robe
rPois   +            n - +2 helmet
rElec   .            (no cloak)
rCorr   .            (no gloves)
SInv    +            l - +0 pair of boots
Will    .....        (no amulet)
Stlth   +++          h - ring of poison resistance
HPRegen 0.48/turn    s - +5 ring of evasion
MPRegen 0.12/turn

%: no passive effects
@: healing quickly
A: alive, fangs 3, see invisible, vampiric 2
a: Exsanguinate


You were on level 7 of the Dungeon.
You visited 1 branch of the dungeon, and saw 6 of its levels.
You also visited: Ossuary.

You collected 488 gold pieces.

Inventory:

Hand Weapons
 a - a +2 dagger (weapon)
Missiles
 d - 50 stones (quivered)
Armour
 b - a +0 robe (worn)
 l - a +0 pair of boots (worn)
 n - a +2 helmet (worn)
Jewellery
 h - a ring of poison resistance (left hand)
 k - a ring of resist corrosion
 s - a +5 ring of evasion (right hand)
Wands
 m - a wand of paralysis (3)
Scrolls
 g - 2 scrolls of fear
 i - 2 scrolls of fog
 p - a scroll of teleportation {unknown}
Potions
 c - 2 potions of invisibility
 e - 2 potions of enlightenment
 f - a potion of lignification
 o - 2 potions of cancellation {unknown}


   Skills:
 * Level 3.0 Fighting
 * Level 4.0(4.4) Short Blades
 + Level 2.2(3.3) Long Blades
 + Level 3.5 Dodging
 + Level 6.0 Stealth
 + Level 3.1 Spellcasting
 + Level 5.7 Hexes
 - Level 2.0 Ice Magic
 + Level 1.5 Evocations


You had 4 spell levels left.
You knew the following spells:

 Your Spells              Type           Power      Damage    Failure   Level
a - Ensorcelled Hibernat  Hex/Ice        36%        N/A       4%          2
b - Confusing Touch       Hex            26%        N/A       4%          3
c - Tukima's Dance        Hex            26%        N/A       4%          3

Your spell library contained the following spells:

 Spells                   Type           Power      Damage    Failure   Level
 Dazzling Flash           Conj/Hex       28%        N/A       13%         3
 Fugue of the Fallen      Necr           3%         N/A       38%         3
 Anguish                  Hex/Necr       7%         N/A       41%         4


Dungeon Overview and Level Annotations

Branches:
Dungeon (5/15)             Temple (0/1) D:5         Ossuary (visited)

Altars:
Qazlal
Sif Muna
Trog
Vehumet


Innate Abilities, Weirdness & Mutations

Your natural rate of healing is accelerated.
You have razor-sharp teeth.
You have supernaturally acute eyesight. (SInv)
You are afflicted with vampirism and can become a bat while bloodless.


Message History

You open the door.
There is an open door here.
You open the door.
A gargoyle comes into view. It is wielding a +0 flail.
Found 13 gold pieces.
There is an open door here.
Unknown command.
The helpless gargoyle fails to defend itself.
You impale the gargoyle!!
You bite the gargoyle, but do no damage.
The gargoyle is severely damaged.
The gargoyle hits you with a +0 flail!
Unknown command.
Casting: Confusing Touch (dangerous; 4% risk of failure)
Confirm with . or Enter, or press ? or * to list all spells.
Your hands begin to glow red.
The gargoyle hits you with a +0 flail.
Unknown command.
You hit the gargoyle but do no damage.
The gargoyle appears confused.
The gargoyle is severely damaged.
You hit the gargoyle but do no damage.
The gargoyle is severely damaged.
The gargoyle closely misses you.
You hit the gargoyle.
You bite the gargoyle, but do no damage.
The gargoyle is severely damaged.
The gargoyle hits you with a +0 flail!!
You hit the gargoyle but do no damage.
The gargoyle is severely damaged.
The gargoyle hits you with a +0 flail!
* * * LOW HITPOINT WARNING * * *
You catch the helpless gargoyle completely off-guard!
You hit the gargoyle.
The gargoyle is almost destroyed.
The gargoyle misses you.
You hit the gargoyle but do no damage.
The gargoyle is almost destroyed.
You hit the gargoyle but do no damage.
The gargoyle is almost destroyed.
The gargoyle hits you with a +0 flail!!
You die...

......
##...##
###8...8#
#8##...##
###'.....+#
#8#.......#
#'.......+#
#....8....#
##'.......@#
#)#.......#9#
###'.....'###
#8##'.'##8#
###8###8###
## ##


You could see a gargoyle (confused).

Vanquished Creatures
  A gargoyle (D:7)
  A phantom (D:4)
  A human zombie (Ossuary)
  2 orc priests
  An iguana (D:4)
  2 orc wizards
  2 mummies (Ossuary)
  Robin (D:2)
  3 gnolls (D:5)
  7 adders
  A bombardier beetle (D:3)
  A worm (D:2)
  A dart slug (D:4)
  6 orcs
  5 endoplasms
  4 giant cockroaches
  2 gnoll zombies (Ossuary)
  10 goblins (D:2)
  8 hobgoblins
  3 jackals (D:1)
  6 kobolds
  A quokka (D:2)
  7 ball pythons
  8 bats
  A frilled lizard (D:3)
  3 goblin zombies (Ossuary)
  4 hobgoblin zombies (Ossuary)
  4 orc zombies (Ossuary)
  5 rats
101 creatures vanquished.

Notes
Turn   | Place    | Note
-------+----------+-------------------------------------------
     0 | D:1      | tilp the Vampire Enchanter began the quest for the Orb.
     0 | D:1      | Reached XP level 1. HP: 13/13 MP: 3/3
   734 | D:1      | Reached XP level 2. HP: 20/20 MP: 5/5
   962 | D:1      | Learned a level 2 spell: Ensorcelled Hibernation
  1328 | D:2      | Reached skill level 1 in Fighting
  1328 | D:2      | Gained mutation: You are afflicted with vampirism and can
                  | become a bat while bloodless. [Vampire growth]
  1328 | D:2      | Reached XP level 3. HP: 26/26 MP: 1/6
  1336 | D:2      | Learned a level 3 spell: Confusing Touch
  1641 | D:2      | Noticed Robin
  1947 | D:2      | Reached XP level 4. HP: 32/32 MP: 2/7
  2274 | D:2      | Killed Robin
  2545 | D:3      | Reached skill level 5 in Hexes
  2675 | D:3      | Reached skill level 1 in Long Blades
  2719 | D:3      | Reached XP level 5. HP: 4/38 MP: 2/8
  2826 | D:3      | Reached skill level 5 in Stealth
  2830 | D:3      | Found a radiant altar of Vehumet.
  2830 | D:3      | Found a stormy altar of Qazlal.
  3036 | D:3      | Reached skill level 1 in Ice Magic
  3462 | D:4      | Found a bloodstained altar of Trog.
  3616 | D:4      | Found a shimmering blue altar of Sif Muna.
  3666 | D:4      | Noticed a phantom
  3711 | D:4      | Killed a phantom
  3712 | D:4      | Reached XP level 6. HP: 33/44 MP: 5/9
  3716 | D:4      | Learned a level 3 spell: Tukima's Dance
  4217 | D:5      | Entered Level 5 of the Dungeon
  4300 | D:5      | Found a sand-covered staircase.
  4347 | Ossuary  | Entered an ossuary
  4375 | Ossuary  | Reached skill level 1 in Evocations
  4814 | D:5      | Found a staircase to the Ecumenical Temple.
  4821 | D:5      | You fall into a shaft and drop 2 floors!
  4829 | D:7      | Noticed a gargoyle
  4841 | D:7      | Killed a gargoyle
  4842 | D:7      | Reached skill level 6 in Stealth
  4842 | D:7      | Reached XP level 7. HP: 36/52 MP: 8/11
  4886 | D:7      | Noticed a gargoyle
  4895 | D:7      | Mangled by a gargoyle

Illustrated notes

Levels and vault maps discovered:
D:1:      ebering_trefoil_twist, layout_basic, minmay_misc_feat_hallway
D:2:      layout_loops_ring, grunt_ministairs_4, uniq_robin
D:3:      layout_loops_cross, mainiacjoe_overflow_catch_the_wave,
          amethyst_killhole
D:4:      layout_basic, nicolae_sif_muna_condensation,
          trog_three_pillars_becter, hex_intersection, kennysheep_generic_room_5
D:5:      layout_cave_pools, minmay_temple_entry_crystal_x,
          nicolae_ossuary_entry_plus
D:7:      cheibrodos_statue_roulette, layout_basic,
          nicolae_dithmenos_the_darkroom, lemuel_doored_altar,
          nicolae_ru_sacrificial_ziggurat, nicolae_hepliaklqana_hippocampus

Skill      XL: |  1  2  3  4  5  6 |
---------------+-------------------+-----
Fighting       | 1 2 3 |  3.0
Short Blades   | 2 3 4 |  4.0
Hexes          | 5 |  5.7
Long Blades    | 1 2 |  2.2
Stealth        | 5 6 |  6.0
Ice Magic      | 1 2 |  2.0
Dodging        | 3 |  3.5
Evocations     | 1 |  1.5
Spellcasting   | 3 |  3.1

Action                     |  1- 3 |  4- 6 |  7- 9 || total
---------------------------+-------+-------+-------++-------
  Melee: Dagger            |   113 |   239 |     8 ||   360
         Bite              |     7 |    34 |     2 ||    43
         Punch             |       |     4 |       ||     4
  Throw: Stone             |       |     2 |       ||     2
   Cast: Ensorcelled Hiber |    14 |    22 |       ||    36
         Confusing Touch   |       |     6 |     1 ||     7
  Evoke: Wand              |       |     8 |       ||     8
    Use: Scroll            |     2 |     8 |       ||    10
         Potion            |       |     1 |       ||     1
   Stab: Sleeping          |    15 |    32 |     1 ||    48
         Paralysed         |       |     1 |       ||     1
         Confused          |       |     5 |     1 ||     6
 Armour: Robe              |    57 |    81 |     5 ||   143
  Dodge: Dodged            |    61 |   118 |     2 ||   181

Table legend: (Time is in decaauts)
 A = Elapsed time spent in this place.
 B = Non-inter-level travel time spent in this place.
 C = Inter-level travel time spent in this place.
 D = Time resting spent in this place.
 E = Time spent auto-exploring this place.
 F = Levels seen in this place.
 G = Mean time per level.
                   A        B        C        D        E       F      G
               +--------+--------+--------+--------+--------+-----+--------+
         Total |   4848 |   4742 |    106 |    758 |   2924 |   7 |  692.6 |
       Dungeon |   4518 |   4412 |    106 |    626 |   2885 |   6 |  753.0 |
       Ossuary |    329 |    329 |      0 |    132 |     39 |   1 |  329.0 |
               +--------+--------+--------+--------+--------+-----+--------+

Top non-repeatable levels by time:
     D:2: 1572 daAuts
     D:1: 975 daAuts
     D:4: 936 daAuts
     D:3: 704 daAuts
 Ossuary: 329 daAuts
     D:5: 260 daAuts
     D:7: 70 daAuts
